 Dungeon Crawl Stone Soup version 0.27-a0-78-g75406f0b48 (webtiles) character file.

Game seed: 5241890652865162649

107 dickylongcocking the Changer (level 4, -1/30 HPs)
             Began as a Merfolk Venom Mage on Jan 14, 2021.
             Succumbed to an adder's poison
             ... on level 3 of the Dungeon.
             The game lasted 00:04:16 (2692 turns).

dickylongcocking the Changer (Merfolk Venom Mage)   Turns: 2692, Time: 00:04:16

Health: -1/30      AC:  3    Str:  8    XL:     4   Next: 85%
Magic:  0/7        EV: 16    Int: 15    God:
Gold:   60         SH:  0    Dex: 14    Spells: 6/7 levels left

rFire    . . .     SeeInvis .   j - +0 club
rCold    . . .     Faith    .   (no shield)
rNeg     . . .     Spirit   +   g - +0 leather armour
rPois    .         Reflect  .   (no helmet)
rElec    .         Harm     .   (no cloak)
rCorr    .         Rampage  .   (no gloves)
Will     .....                  (no boots)
Stlth    ++........             c - amulet of guardian spirit
HPRegen  0.10/turn              e - +4 ring of evasion
MPRegen  0.10/turn              (no ring)

@: brilliant, lethally poisoned (-1 -> -12)
A: change form in water, swift swim, stealthy swim
a: no special abilities


You were on level 3 of the Dungeon.
You visited 1 branch of the dungeon, and saw 3 of its levels.

You collected 60 gold pieces.

Inventory:

Hand Weapons
 i - a +0 dagger
 j - a +0 club (weapon)
Armour
 a - a +0 robe
 g - a +0 leather armour (worn)
Jewellery
 c - an amulet of guardian spirit (around neck)
 e - a +4 ring of evasion (left hand)
 l - a cursed ring of teleportation {unknown}
Scrolls
 b - 2 scrolls of magic mapping {unknown}
 d - 2 scrolls of identify {unknown}
 f - a scroll of enchant armour {unknown}
 k - a scroll of remove curse {unknown}


   Skills:
 - Level 2.6 Dodging
 - Level 2.1 Stealth
 - Level 2.0 Spellcasting
 * Level 5.1 Transmutations
 * Level 4.1 Poison Magic


You had 6 spell levels left.
You knew the following spells:

 Your Spells              Type           Power        Failure   Level
a - Sting                 Tmut/Pois      92%          4%          1

Your spell library contained the following spells:

 Spells                   Type           Power        Failure   Level
 Poisonous Vapours        Pois/Air       22%          21%         2
 Ignite Poison            Fire/Tmut/Pois 16%          26%         3
 Animate Skeleton         Necr           4%           32%         1
 Apportation              Tloc           4%           32%         1
 Corona                   Hex            2%           32%         1
 Summon Small Mammal      Summ           8%           32%         1
 Mephitic Cloud           Conj/Pois/Air  8%           50%         3
 Olgreb's Toxic Radiance  Pois           21%          50%         4


Dungeon Overview and Level Annotations

Branches:
Dungeon (3/15)

Altars:
Trog


Message History

Confirm with . or Enter, or press ? or * to list all spells.
You don't have enough magic to cast that spell.
Unknown command.
Unknown command.
You miss the adder.
The adder is moderately wounded.
* * * LOW HITPOINT WARNING * * *
You feel sick. The adder bites you.
* * * LOW HITPOINT WARNING * * *
You are more poisoned.
The adder poisons you! The adder closely misses you.
Unknown command.
You hit the adder.
The adder is heavily wounded.
* * * LOW HITPOINT WARNING * * *
You feel sick. The adder completely misses you.
Unknown command.
You closely miss the adder.
The adder is heavily wounded.
You die...

#..†.....# #.# #.
##########........###.####†
#..........................
#.########........######.#.
#.# #................. #.#
################## #†# .
#.########## ##
#>.......S@# ###......### #
#......+ # #......# +
#......# # #......# #
###.#..# # #.##.# # #.##.#


You could see an adder.

Vanquished Creatures
  Terence (D:3)
  4 adders
  3 dart slugs (D:1)
  2 leopard geckos
  5 bats
  A giant cockroach (D:1)
  4 hobgoblins
  7 jackals
  A quokka (D:2)
  3 frilled lizards
  3 goblins
  4 kobolds
  3 rats (D:3)
41 creatures vanquished.

Notes
Turn   | Place    | Note
-------+----------+-------------------------------------------
     0 | D:1      | dickylongcocking the Merfolk Venom Mage began the quest for
                  | the Orb.
     0 | D:1      | Reached XP level 1. HP: 13/13 MP: 3/3
   110 | D:1      | Reached skill level 2 in Transmutations
   376 | D:1      | Reached XP level 2. HP: 19/19 MP: 0/5
   598 | D:1      | Reached skill level 3 in Transmutations
   894 | D:2      | Found a bloodstained altar of Trog.
  1238 | D:2      | Reached XP level 3. HP: 21/24 MP: 1/6
  1454 | D:2      | Reached skill level 4 in Transmutations
  2336 | D:3      | Reached XP level 4. HP: 27/30 MP: 1/7
  2651 | D:3      | Noticed Terence
  2665 | D:3      | Killed Terence
  2666 | D:3      | Reached skill level 5 in Transmutations
  2691 | D:3      | HP: 1/30 [poisoned by an adder]
  2692 | D:3      | Succumbed to an adder's poison

Illustrated notes

Levels and vault maps discovered:
D:1:      dpeg_arrival_lava_temple_mockup, layout_rooms, chequers_jeans,
          minivault_24
D:2:      layout_loops_ring, overflow_temple_1_default
D:3:      layout_basic, marbit_many_paths, uniq_natasha, uniq_terence

Skill      XL: |  1  2  3  4 |
---------------+-------------+-----
Transmutations | 2 3 4 5 |  5.1
Poison Magic   | 4 |  4.1
Dodging        | |  2.6
Stealth        | |  2.1
Spellcasting   | |  2.0

Action                   |  1- 3 |  4- 6 || total
-------------------------+-------+-------++-------
Melee: Unarmed           |    33 |       ||    33
       Club              |     6 |    25 ||    31
 Cast: Sting             |    70 |    18 ||    88
  Use: Potion            |       |     1 ||     1
Armor: Robe              |     1 |       ||     1
       Leather armour    |    24 |     8 ||    32
Dodge: Dodged            |   144 |    45 ||   189

Table legend: (Time is in decaauts)
 A = Elapsed time spent in this place.
 B = Non-inter-level travel time spent in this place.
 C = Inter-level travel time spent in this place.
 D = Time resting spent in this place.
 E = Time spent auto-exploring this place.
 F = Levels seen in this place.
 G = Mean time per level.
                   A        B        C        D        E       F      G
               +--------+--------+--------+--------+--------+-----+--------+
         Total |   2702 |   2607 |     95 |    575 |   1543 |   3 |  900.7 |
       Dungeon |   2702 |   2607 |     95 |    575 |   1543 |   3 |  900.7 |
               +--------+--------+--------+--------+--------+-----+--------+

Top non-repeatable levels by time:
     D:1: 1295 daAuts
     D:2: 1031 daAuts
     D:3: 375 daAuts
